Map: Ley Lines

Players

iPlayDefense - Winner!

  • Race: Terran Terran
  • League: Silver
  • Spawn Location: 1:00

Jdoc

  • Race: Protoss Protoss
  • League: Silver
  • Spawn Location: 7:00

VOD

Have the link to the VOD?

Description

Time

  • Played on: April 13, 2025, 11:19 a.m.
  • Length: 11:06
Show
View Real Time Build Order
Export as new Build Order

iPlayDefense Terran - Winner!

Build Orders:  

Get SALT Encoding   

  12  0:00  SCV  
  13  0:13  SCV  
  14  0:18  Supply Depot  
  14  0:25  Refinery  
  14  0:29  SCV  
  15  0:44  Barracks  
  15  0:46  SCV  
  16  0:58  SCV  
  17  1:18  SCV  
  18  1:31  Barracks Reactor  
  18  1:34  Orbital Command  
  18  1:50  Barracks  
  18  2:07  Marine x2  
  20  2:20  Barracks  
  20  2:25  Marine x2  
  20  2:29  Refinery  
  22  2:40  Barracks Tech Lab  
  22  2:43  Marine  
  23  2:46  Command Center  
  23  2:51  Supply Depot  
  23  3:03  Stimpack  
  23  3:07  Barracks Tech Lab  
  23  3:12  Marine x2  
  25  3:14  Supply Depot  
  25  3:21  SCV  
  26  3:30  Marine  
  26  3:33  SCV  
  28  3:37  Combat Shield  
  28  3:45  SCV  
  29  3:57  SCV  
  29  3:58  Factory  
  30  4:03  Orbital Command  
  30  4:09  SCV  
  31  4:21  SCV  
  32  4:28  Marine  
  32  4:29  Marine x3  
  36  4:33  SCV  
  36  4:35  Supply Depot  
  37  4:42  Factory Reactor  
  38  4:45  SCV  
  38  4:46  Marine  
  38  4:52  Barracks  
  39  4:57  SCV  
  39  4:58  Marine x3  
  39  4:59  Supply Depot  
  43  5:26  Hellion x2  
  47  5:38  Marine x4  
  51  5:45  Supply Depot  
  51  5:47  Hellion  
  51  5:48  Hellion  
  55  5:55  Marine  
  55  5:56  Marine  
  57  6:02  Engineering Bay  
  57  6:09  Hellion x2  
  61  6:21  Supply Depot  
  61  6:23  Barracks Reactor  
  49  6:58  Marine  
  49  6:59  Marine x6  
  56  7:09  Siege Tank  
  56  7:13  Supply Depot  
  59  7:16  SCV, Marine  
  59  7:17  SCV, Marine x6  
  68  7:29  SCV  
  69  7:34  Marine x4  
  69  7:35  Marine x3  
  69  7:36  Starport  
  76  7:41  Siege Tank  
  71  7:52  Marine x5  
  71  7:53  Marine x2  
  72  8:10  Marine  
  72  8:11  SCV x2, Marine  
  72  8:12  Marine x5  
  81  8:18  Cyclone  
  84  8:23  Supply Depot, SCV  
  85  8:27  Starport Reactor  
  85  8:28  Marine  
  85  8:29  Marine  
  85  8:30  Marine x5  
  85  8:33  Terran Infantry Weapons Level 1  
  92  8:38  Refinery  
  92  8:39  Refinery  
  92  8:42  SCV x2  
  92  8:46  Marine  
  92  8:47  Marine x2  
  92  8:48  Supply Depot, Marine x4  
  101  8:54  SCV  
  102  9:09  Marine x4, Medivac x2  
  110  9:18  Supply Depot  
  110  9:22  Supply Depot  
  110  9:39  SCV x2, Marine x2, Cyclone  
  110  9:44  Supply Depot, Medivac x2  
  121  9:46  Supply Depot  
  121  9:51  SCV  
  121  9:52  Marine x4  
  126  10:05  Marine  
  127  10:13  Command Center  
Show
View Real Time Build Order
Export as new Build Order

Jdoc Protoss 

Build Orders: Nexus First 

Get SALT Encoding   

  12  0:02  Probe  
  13  0:22  Probe  
  13  0:24  Pylon  
  14  0:34  Probe  
  15  0:46  Probe  
  16  1:00  Nexus  
  16  1:02  Probe  
  17  1:14  Probe  
  17  1:15  Assimilator  
  17  1:18  Assimilator  
  18  1:26  Probe  
  19  1:38  Probe  
  20  1:50  Probe  
  21  2:03  Probe  
  22  2:13  Probe  
  22  2:15  Probe  
  24  2:25  Probe  
  24  2:27  Probe  
  26  2:34  Gateway  
  26  2:35  Gateway  
  26  2:37  Probe  
  26  2:38  Gateway  
  26  2:39  Probe  
  28  2:49  Probe  
  30  2:51  Probe  
  30  2:53  Gateway  
  30  2:56  Pylon  
  30  3:08  Gateway  
  30  3:09  Gateway  
  30  3:27  Pylon  
  30  3:29  Cybernetics Core  
  30  3:36  Zealot  
  30  3:38  Zealot x2  
  30  3:40  Zealot  
  38  3:51  Pylon  
  38  3:55  Pylon  
  38  3:59  Zealot  
  38  4:02  Zealot  
  42  4:04  Zealot  
  42  4:05  Zealot, Stalker  
  48  4:21  Twilight Council  
  48  4:30  Gateway  
  48  4:32  Gateway  
  48  4:33  Stalker  
  48  4:36  Stalker  
  50  4:44  Stalker  
  52  4:48  Stalker  
  56  4:53  Stalker  
  58  5:05  Pylon  
  58  5:08  Pylon  
  58  5:15  Stalker  
  58  5:18  Pylon  
  58  5:20  Pylon  
  60  5:22  Stalker  
  60  5:27  Stalker  
  62  5:35  Charge  
  64  5:39  Zealot  
  64  5:42  Stalker  
  68  5:50  Zealot  
  68  5:51  Stalker  
  72  6:17  Stalker  
  72  6:22  Zealot  
  76  6:25  Stalker  
  76  6:30  Nexus  
  78  6:39  Stalker  
  78  6:40  Stalker  
  78  6:44  Zealot  
  84  6:49  Zealot  
  86  7:00  Stalker  
  86  7:02  Stalker  
  86  7:04  Zealot  
  92  7:18  Pylon  
  92  7:22  Probe x2  
  94  7:25  Stalker  
  94  7:28  Zealot  
  98  7:30  Stalker  
  98  7:34  Probe x2  
  68  8:03  Zealot x4  
  68  8:04  Zealot x2  
  68  8:05  Zealot  
  82  8:06  Zealot  
  84  8:27  Stalker x2  
  84  8:29  Stalker  
  84  8:30  Zealot x2  
  84  8:31  Zealot  
  96  8:36  Zealot  
  96  8:37  Stalker  
  100  8:49  Pylon  
  100  8:52  Pylon  
  100  8:54  Pylon  
  100  8:57  Stalker  
  100  9:00  Zealot  
  104  9:03  Stalker  
  106  9:11  Zealot  
  108  9:30  Stalker  
  108  9:31  Stalker  
  108  9:34  Stalker, Zealot  
  108  9:35  Zealot  
  108  9:38  Zealot  
  120  9:42  Stalker  
  122  9:47  Zealot  
  124  9:57  Stalker  
  124  9:58  Stalker  
  124  10:01  Zealot  
  124  10:03  Zealot  
  124  10:04  Stalker  
  134  10:16  Pylon  
  134  10:17  Pylon  
  134  10:19  Zealot  
  136  10:25  Stalker  
Tags
 
Matchup
PvT
Replay Pack
DaveSC2
Spawn Locations
Cross Positions
Add a new tag
Caveats
  • Supply blocks, unpowered buildings, or Contaminate may cause inaccurate times.
  • Supply counts are checked every 10 seconds.